Map: Odyssée EC

Players

Dayshi

  • Race: Terran Terran
  • League: Master
  • Spawn Location: 11:00

llllllllllll - Winner!

  • Race: Protoss Protoss
  • League: Grandmaster
  • Spawn Location: 5:00

VOD

Have the link to the VOD?

Description

Time

  • Played on: Nov. 30, 2017, 1:06 p.m.
  • Length: 8:24
Show
View Real Time Build Order
Export as new Build Order

Dayshi Terran 

Build Orders:  

Get SALT Encoding   

  12  0:01  SCV  
  13  0:13  SCV  
  14  0:17  Supply Depot  
  14  0:25  SCV  
  15  0:39  SCV  
  15  0:42  Barracks  
  16  0:51  SCV  
  17  1:03  SCV  
  18  1:12  Command Center  
  18  1:17  SCV  
  19  1:28  Marine  
  19  1:29  Orbital Command  
  20  1:39  Supply Depot  
  20  1:46  Marine  
  21  1:53  Barracks  
  21  1:55  SCV  
  22  2:04  Marine  
  22  2:05  Barracks  
  23  2:10  SCV  
  24  2:19  Engineering Bay  
  24  2:22  SCV, Marine  
  26  2:27  Orbital Command  
  25  2:37  Bunker  
  25  2:41  Marine x2  
  25  2:43  SCV  
  28  2:46  Refinery  
  28  2:54  Marine  
  29  2:59  Missile Turret, Marine  
  29  3:05  Marine  
  31  3:07  SCV x2  
  31  3:12  Marine  
  33  3:19  Missile Turret  
  34  3:22  SCV x2  
  34  3:23  Supply Depot  
  34  3:27  Marine, Barracks Tech Lab  
  36  3:30  Marine  
  36  3:35  Bunker  
  36  3:38  SCV x2  
  33  3:46  Marine x2  
  33  3:48  Marine  
  34  3:50  SCV  
  34  3:52  SCV  
  36  4:00  Combat Shields  
  36  4:04  Marine x2  
  36  4:05  Refinery  
  36  4:06  Marine  
  39  4:21  Orbital Command  
  39  4:22  Marine x2  
  39  4:23  Marine  
  42  4:26  Missile Turret  
  42  4:34  SCV  
  43  4:39  Marine  
  43  4:40  Marine  
  43  4:41  Marine  
  43  4:42  Supply Depot x2  
  46  4:46  Bunker  
  46  4:51  SCV  
  46  4:57  Missile Turret, Marine  
  46  4:59  Marine  
  46  5:02  Missile Turret  
  46  5:03  Marine  
  46  5:05  Terran Infantry Weapons Level 1  
  47  5:17  Factory  
  44  5:24  Marine x3  
  46  5:42  Marine x3  
  44  5:52  Missile Turret  
  44  5:57  SCV x2  
  44  6:00  Marine  
  46  6:05  Marine  
  46  6:06  Factory Reactor  
  46  6:07  Starport  
  46  6:11  Marine  
  45  6:14  SCV x2  
  45  6:17  Marine  
  46  6:23  Marine  
  44  6:28  Marine  
  41  6:35  Marine  
  41  6:41  Marine  
  38  6:49  Missile Turret  
  38  6:51  Medivac  
  38  6:53  Marine  
  38  6:57  Widow Mine  
  38  6:58  Widow Mine, Marine  
  42  7:01  SCV  
  42  7:02  SCV  
  43  7:11  Marine  
  44  7:16  Marine x2  
  46  7:26  Widow Mine x2  
  42  7:42  Bunker  
  40  7:45  Bunker, Marine x2  
Show
View Real Time Build Order
Export as new Build Order

llllllllllll Protoss - Winner!

Build Orders:  

Get SALT Encoding   

  12  0:00  Probe  
  13  0:13  Probe  
  14  0:17  Pylon  
  14  0:25  Probe (Chrono Boost)  
  16  0:36  Gateway  
  16  0:38  Probe (Chrono Boost)  
  16  0:42  Probe  
  17  0:45  Assimilator  
  17  0:54  Probe  
  17  0:55  Assimilator  
  18  1:06  Probe (Chrono Boost)  
  19  1:18  Probe (Chrono Boost)  
  20  1:20  Probe  
  20  1:23  Cybernetics Core  
  22  1:32  Probe  
  22  1:35  Pylon  
  22  1:44  Probe  
  23  2:00  Stargate, Stalker (Chrono Boost)  
  25  2:02  Warp Gate  
  25  2:20  Stalker  
  27  2:25  Shield Battery  
  27  2:26  Shield Battery  
  27  2:27  Shield Battery  
  27  2:43  Void Ray (Chrono Boost)  
  31  2:46  Shield Battery  
  31  2:52  Shield Battery  
  31  3:13  Shield Battery  
  31  3:35  Pylon  
  31  3:53  Void Ray  
  35  3:56  Shield Battery  
  35  3:57  Shield Battery  
  35  4:13  Shield Battery  
  35  4:16  Gateway  
  35  4:21  Shield Battery  
  35  4:24  Shield Battery  
  35  4:37  Void Ray (Chrono Boost)  
  39  4:45  Pylon  
  39  4:46  Pylon  
  39  5:05  Shield Battery  
  39  5:06  Shield Battery  
  39  5:07  Shield Battery  
  39  5:09  Stalker  
  39  5:11  Sentry  
  43  5:14  Shield Battery  
  43  5:22  Void Ray (Chrono Boost)  
  47  5:29  Shield Battery  
  47  5:44  Stalker x2  
  51  5:56  Void Ray (Chrono Boost)  
  55  6:01  Pylon  
  55  6:23  Stalker x2  
  59  6:39  Void Ray (Chrono Boost)  
  59  6:48  Adept x2  
  61  7:20  Pylon  
  61  7:22  Pylon  
  61  7:34  Void Ray (Chrono Boost)  
  61  7:40  Stalker x2  
  65  8:13  Stalker  
  65  8:14  Stalker  
Tags
 
Add a new tag
Caveats
  • Supply blocks, unpowered buildings, or Contaminate may cause inaccurate times.
  • Supply counts are checked every 10 seconds.